 Dungeon Crawl Stone Soup version 0.31-a0-925-g0a390f2509 (webtiles) character file.

Game seed: 13574901349399222567

54 p00ps00p the Trooper (level 3, -2/33 HPs)
             Began as a Hill Orc Fighter on Oct 19, 2023.
             Slain by Sigmund
             ... wielding a +0 scythe
              (8 damage)
             ... on level 2 of the Dungeon.
             The game lasted 00:01:28 (897 turns).

p00ps00p the Trooper (Hill Orc Fighter)              Turns: 897, Time: 00:01:28

Health: -2/33      AC:  0    Str: 20    XL:     3   Next: 91%
Magic:  3/3        EV: 17    Int:  8    God:
Gold:   78         SH:  0    Dex: 15    Spells: 2/2 levels left

rFire   . . .        a - melded +0 war axe
rCold   . . .        c - melded +0 buckler
rNeg    . . .        f - melded +0 chain mail
rPois   .            (helmet currently unavailable)
rElec   .            (cloak currently unavailable)
rCorr   .            (gloves currently unavailable)
SInv    .            (boots currently unavailable)
Will    .....        (no amulet)
Stlth   +            (ring currently unavailable)
HPRegen 0.25/turn    (ring currently unavailable)
MPRegen 0.08/turn

%: no passive effects
@: confused, mighty, bat-form (expiring), flying, hasted, very quick
A: fast, flying, no casting, tiny
a: no special abilities


You were on level 2 of the Dungeon.
You were a bat.
You visited 1 branch of the dungeon, and saw 2 of its levels.

You collected 78 gold pieces.

Inventory:

Hand Weapons
 a - a +0 war axe (melded)
Armour
 b - a +0 scale mail
 c - a +0 buckler (melded)
 f - a +0 chain mail (melded)
Potions
 i - a potion of lignification


   Skills:
 + Level 4.2 Fighting
 + Level 3.5 Axes
 + Level 3.8 Armour
 + Level 3.8 Shields


You had 2 spell levels left.
You didn't know any spells.
Your spell library contained the following spells:

 Spells                   Type           Power      Damage    Failure   Level
 Freeze                   Ice            0%         1d3       41%         1
 Frozen Ramparts          Ice            0%         1d1       78%         3
 Hailstorm                Conj/Ice       0%         3d3       78%         3


Dungeon Overview and Level Annotations

Branches:
Dungeon (2/15)

Altars:
Beogh

Annotations:
D:2 Sigmund


Message History

Deactivating autopickup; reactivate with Ctrl-A.
No target in view!
No target in view!
No target in view!
No target in view!
No target in view!
No target in view!
No target in view!
No target in view!
No target in view!
No target in view!
No target in view!
No target in view!
No target in view!
No target in view!
No target in view!
No target in view!
No target in view!
No target in view!
No target in view!
No target in view!
No target in view!
No target in view!
No target in view!
There is a strange disturbance nearby!
You feel very mighty all of a sudden.
A bat comes into view.
Something barely misses you.
Unknown command.
You bite something! You closely miss something.
You hear some strange, mumbled words.
You are confused.
You're too confused to move!
Something hits you.
You bump into the rock wall.
Something hits you!
* * * LOW HITPOINT WARNING * * *
It was a potion of haste.
You feel yourself speed up.
Your transformation is almost over.
Something hits you!
You die...

#.#.#......###.......#
#.#.#.##...# #.##.#.##
#.#.#.##...# #.#....#
#..<.......###.##########
#...#.###..##.....)......
##..#.###..############.#
#....|....##....# #.#
#.##.##...##.##.# #.#
#.#....b......#.# ###.#
#.###...####..#.# #...#
..#.....{..#..#.# #.###
#######.#####.# #.# ...
#.# #.# .#.# #.# #.# .#.#
#.# #.# .# # #.####.# ##
#......#


There were no monsters in sight!

Vanquished Creatures
  An adder (D:2)
  2 worms (D:2)
  2 dart slugs
  5 bats (D:1)
  4 endoplasms (D:1)
  2 hobgoblins (D:1)
  4 jackals (D:1)
  4 kobolds
  3 quokkas
  2 ball pythons (D:1)
  2 rats (D:1)
31 creatures vanquished.

Notes
Turn   | Place    | Note
-------+----------+-------------------------------------------
     0 | D:1      | p00ps00p the Hill Orc Fighter began the quest for the Orb.
     0 | D:1      | Reached XP level 1. HP: 19/19 MP: 1/1
   185 | D:1      | Reached XP level 2. HP: 27/27 MP: 2/2
   423 | D:1      | Reached skill level 4 in Fighting
   426 | D:1      | Reached XP level 3. HP: 31/33 MP: 3/3
   589 | D:1      | Found a roughly hewn altar of Beogh.
   609 | D:1      | Found a faded altar of an unknown god.
   880 | D:2      | Noticed Sigmund
   897 | D:2      | Slain by Sigmund

Illustrated notes

Levels and vault maps discovered:
D:1:      saegor_arrival_fortress, layout_basic,
          hellmonk_ecumenical_altar_defaced_shrine
D:2:      layout_basic, uniq_sigmund

Skill      XL: |  1  2 |
---------------+-------+-----
Axes           | 3 |  3.5
Fighting       | 4 |  4.2
Armour         | |  3.8
Shields        | |  3.8

Action                     || total
---------------------------++-------
  Melee: War axe           ||    82
         Unarmed           ||     8
    Use: Scroll            ||     5
         Potion            ||     2
 Armour: Chain mail        ||    72
         Scale mail        ||     1
         Skin              ||     5
  Dodge: Dodged            ||    32
  Block: Buckler           ||    26

Table legend: (Time is in decaauts)
 A = Elapsed time spent in this place.
 B = Non-inter-level travel time spent in this place.
 C = Inter-level travel time spent in this place.
 D = Time resting spent in this place.
 E = Time spent auto-exploring this place.
 F = Levels seen in this place.
 G = Mean time per level.
                   A        B        C        D        E       F      G
               +--------+--------+--------+--------+--------+-----+--------+
         Total |    925 |    902 |     23 |      0 |    645 |   2 |  462.5 |
       Dungeon |    925 |    902 |     23 |      0 |    645 |   2 |  462.5 |
               +--------+--------+--------+--------+--------+-----+--------+

Top non-repeatable levels by time:
     D:1: 746 daAuts
     D:2: 179 daAuts
